 Dungeon Crawl Stone Soup version 0.28-a0-1074-g3cb2360906 (webtiles) character file.

Game seed: 9411841296490793465

13424 Peloso the Carver (level 11, -2/99 HPs)
             Began as a Minotaur Fighter on Dec 9, 2021.
             Was a High Priest of Okawaru.
             Slain by a hornet (12 damage)
             ... on level 11 of the Dungeon.
             The game lasted 00:16:26 (13915 turns).

Peloso the Carver (Minotaur Fighter)               Turns: 13915, Time: 00:16:27

Health: -2/99      AC: 21    Str: 22    XL:     11   Next: 75%
Magic:  8/11       EV: 11    Int:  5    God:    Okawaru [*****.]
Gold:   496        SH:  7    Dex: 13    Spells: 10/10 levels left

rFire   . . .      SeeInvis .   a - +2 falchion (elec)
rCold   . . .      Faith    .   c - +0 buckler
rNeg    . . .      Spirit   .   h - +0 plate armour
rPois   .          Reflect  .   (helmet restricted)
rElec   .          Harm     .   (no cloak)
rCorr   +          Rampage  .   J - +0 pair of gloves
Will    .....                   i - +0 pair of boots
Stlth   ..........              (no amulet)
HPRegen 0.26/turn               e - ring of resist corrosion
MPRegen 0.12/turn               f - +4 ring of slaying

@: heroic
A: horns 2, retaliatory headbutt
a: Renounce Religion, Heroism, Finesse, Duel


You were on level 11 of the Dungeon.
You worshipped Okawaru.
Okawaru was extremely pleased with you.
You visited 2 branches of the dungeon, and saw 12 of its levels.

You collected 712 gold pieces.
You spent 216 gold pieces at shops.

Inventory:

Hand Weapons
 a - a +2 falchion of electrocution (weapon)
 b - a +3 vampiric scimitar
 C - a +0 hand crossbow
Missiles
 B - a throwing net (quivered)
Armour
 c - a +0 buckler (worn)
 h - a +0 plate armour (worn)
 i - a +0 pair of boots (worn)
 J - a +0 pair of gloves (worn)
Jewellery
 e - a ring of resist corrosion (left hand)
 f - a +4 ring of slaying (right hand)
 m - an amulet of magic regeneration
 A - a ring of ice
 G - the amulet "Cotuv" {Faith Harm Fly Will- Regen+}
   (You found it on level 9 of the Dungeon)

   [amulet of faith]

   It allows you to gain divine favour quickly.
   Fly:       It grants you flight.
   Regen:     It increases your rate of health regeneration.
   Harm:      It increases damage dealt and taken.
   Will:      It decreases your willpower.
Wands
 r - a wand of polymorph (11)
 s - a wand of iceblast (7)
 w - a wand of mindburst (10)
Scrolls
 j - 3 scrolls of identify
 n - a scroll of amnesia
 o - a scroll of brand weapon
 p - 5 scrolls of teleportation
 u - 3 scrolls of magic mapping
 y - 2 scrolls of holy word
 D - 2 scrolls of blinking
 H - 2 scrolls of noise
 L - a scroll of immolation
 M - a scroll of enchant armour
 N - a scroll of fog
Potions
 g - a potion of brilliance
 k - a potion of attraction {unknown}
 l - 4 potions of invisibility {unknown}
 q - 2 potions of cancellation {unknown}
 t - a potion of heal wounds {unknown}
 v - a potion of lignification {unknown}
 x - a potion of mutation {unknown}
 z - a potion of ambrosia {unknown}
 F - a potion of degeneration {unknown}
 I - 3 potions of haste {unknown}


   Skills:
 + Level 10.0(15.0) Fighting
 + Level 13.6(18.6) Long Blades
 + Level 13.0(18.0) Armour
 + Level 5.1(10.1) Dodging
 + Level 1.5(6.5) Stealth
 + Level 7.7(12.7) Shields
 + Level 1.6 Invocations
 + Level 1.2 Evocations


You had 10 spell levels left.
You didn't know any spells.
Your spell library contained the following spells:

 Spells                   Type           Power      Damage    Failure   Level
 Freeze                   Ice            0%         1d3       99%         1
 Blink                    Tloc           0%         N/A       99%         2
 Frozen Ramparts          Ice            0%         1d2       100%        3
 Ice Form                 Ice/Tmut       0%         N/A       100%        4
 Manifold Assault         Tloc           0%         N/A       100%        5
 Silence                  Hex/Air        0%         N/A       100%        5
 Yara's Violent Unravell  Hex/Tmut       0%         3d3       100%        5
 Storm Form               Tmut/Air       0%         N/A       100%        7
 Discord                  Hex            0%         N/A       100%        8
 Summon Ice Beast         Ice/Summ       Unusable   N/A       N/A         4

Dungeon Overview and Level Annotations

Branches:
Dungeon (11/15)            Temple (1/1) D:4            Lair (0/6) D:8
    Orc (0/2) D:9

Altars:
Ashenzari
Cheibriados
Dithmenos
Elyvilon
Gozag
Hepliaklqana
Kikubaaqudgha
Makhleb
Nemelex Xobeh
Okawaru
Ru
Trog
Wu Jian
Xom
Zin
The Shining One
Beogh

Shops:
D:10 ?

Annotations:
D:3 2 runed translucent doors, anet's ghost, amateur HOCj


Innate Abilities, Weirdness & Mutations

You have a pair of horns on your head.
You reflexively headbutt those who attack you in melee.


Message History

You barely miss something.
You feel like a meek peon again. Something completely misses you.
You barely miss something. You headbutt something.
You gain the combat prowess of a mighty hero.
The stone giant throws a large rock.
The large rock hits you but does no damage.
Something hits you!
You slice something!! Lightning courses through something!
Okawaru is honoured by your kill.
Reactivating autopickup.
You feel a bit more experienced.
Your base Fighting skill increases to level 10!
Your base Armour skill increases to level 13!
The stone giant hits you!
* * * LOW HITPOINT WARNING * * *
Things that are here:
a +0 flail; a +0 robe You barely miss the stone giant.
Your headbutt misses the stone giant. You block the stone giant's attack.
Unknown command.
You feel better.
The stone giant hits you but does no damage.
As you read the scroll of teleportation, it crumbles to dust.
You feel strangely unstable. The stone giant hits you!
* * * LOW HITPOINT WARNING * * *
The stone giant throws a large rock.
You block the large rock.
Things that are here:
a +0 hand axe; an orc corpse
j - 3 scrolls of identify (gained 1)
You see here a +1 scimitar of flaming.
Your surroundings suddenly seem different.
A hornet comes into view.
The hornet buzzes angrily.
A troll comes into view.
Unknown command.
You feel more confident with your borrowed prowess.
The troll shouts!
The hornet stings you!
You die...

.# # #...#..###.# #.#. # T#
#..#.#.#.# #.# ...# .# #..
..##..#.####.###
...##.##...# #.#.##.#......#
#.#.....# #.# ...#.##.##.#.#
#.#.....#.##.#.#.#.#.....#.#
#)C# .# ..# #.#...###.#..#.#
..#)##.##.#...#....#
#.#....# .###.#.#.###.#..@.#
#......####
...)...........y.8#
##........##
##.#.#.#.#.###..###
#...####...
.##.#...#.##..#### ###.#
#### #..#.....#..###..# #.#
###.......# ###.# ##+##
###.8.#### #...# ##...##
###.....##.# #.#.# ##.....##
# #.#..#####.# #...#
##.......## #


You could see a troll and a hornet.

Vanquished Creatures
  An ogre mage (D:11)
  3 two-headed ogres
  A tengu warrior (D:11)
  An orc knight (D:11)
  A cyclops (D:11)
  A yaktaur (D:11)
  An unseen horror (D:11)
  A freezing wraith (D:11)
  An efreet (D:11)
  2 polar bears (D:10)
  3 trolls
  A hornet (D:9)
  A vampire (D:10)
  A wraith (D:11)
  Sigmund (D:3)
  5 yaks
  2 wyverns
  3 vampire mosquitoes (D:11)
  2 steam dragons (D:8)
  An acid dragon (D:10)
  2 water moccasins (D:7)
  6 orc warriors
  3 black bears
  2 sky beasts (D:5)
  3 necrophages
  4 ogres
  6 centaurs
  A phantom (D:7)
  4 bullfrogs
  A kobold brigand (D:7)
  A wyvern zombie (D:7)
  2 scorpions
  9 killer bees
  4 wights (D:7)
  6 centaur zombies
  A bullfrog zombie (D:5)
  A jelly (D:3)
  A hound (D:7)
  A bullfrog skeleton (D:6)
  3 gnoll shamans
  4 orc priests (D:9)
  3 iron imps (D:10)
  Natasha (twice) (D:3)
  Terence (D:3)
  3 iguanas
  4 orc wizards
  A killer bee zombie (D:7)
  17 gnolls
  A howler monkey zombie (D:4)
  6 adders
  An ufetubus (D:7)
  An adder skeleton (D:4)
  A dart slug (D:1)
  33 orcs
  5 ball pythons
  5 bats
  4 endoplasms
  4 giant cockroaches
  6 goblins
  11 hobgoblins
  4 jackals (D:1)
  15 kobolds
  3 quokkas
  5 frilled lizards
  3 rats
237 creatures vanquished.

Vanquished Creatures (others)
  A plant (D:8)
1 creature vanquished.

Grand Total: 238 creatures vanquished

Notes
Turn   | Place    | Note
-------+----------+-------------------------------------------
     0 | D:1      | Peloso the Minotaur Fighter began the quest for the Orb.
     0 | D:1      | Reached XP level 1. HP: 19/19 MP: 0/0
   115 | D:1      | Found a faded altar of an unknown god.
   271 | D:1      | Reached XP level 2. HP: 23/27 MP: 1/1
   545 | D:1      | Reached XP level 3. HP: 32/33 MP: 2/2
  1800 | D:2      | Noticed an ogre
  1804 | D:2      | Killed an ogre
  1805 | D:2      | Reached XP level 4. HP: 11/41 MP: 3/3
  1805 | D:2      | Reached XP level 5. HP: 12/47 MP: 4/4
  2365 | D:3      | Found a hazy altar of Hepliaklqana.
  2442 | D:3      | Noticed Sigmund
  2455 | D:3      | Killed Sigmund
  2456 | D:3      | Reached skill level 5 in Long Blades
  2456 | D:3      | Reached skill level 5 in Armour
  2456 | D:3      | Reached XP level 6. HP: 38/55 MP: 5/5
  2590 | D:3      | Noticed Terence
  2596 | D:3      | Killed Terence
  2711 | D:3      | Found a white marble altar of Elyvilon.
  2738 | D:3      | Found a large runed translucent door.
  2738 | D:3      | Found a large runed translucent door.
  2740 | D:3      | Noticed anet's ghost (amateur HOCj)
  2755 | D:3      | Noticed Natasha
  2758 | D:3      | Killed Natasha
  2759 | D:3      | Reached skill level 1 in Dodging
  3111 | D:3      | Noticed Natasha
  3471 | D:3      | Killed Natasha
  3564 | D:4      | Found a staircase to the Ecumenical Temple.
  3578 | D:4      | Reached XP level 7. HP: 24/60 MP: 6/6
  3597 | Temple   | Entered the Ecumenical Temple
  3605 | Temple   | Became a worshipper of Warmaster Okawaru
  3937 | D:4      | Found a snail-covered altar of Cheibriados.
  4175 | D:4      | Reached skill level 5 in Fighting
  4725 | D:5      | Entered Level 5 of the Dungeon
  5143 | D:5      | Reached skill level 5 in Shields
  5381 | D:5      | Found an ancient bone altar of Kikubaaqudgha.
  5438 | D:5      | Reached * piety under Okawaru
  5477 | D:5      | Reached XP level 8. HP: 64/69 MP: 7/7
  6386 | D:6      | Reached ** piety under Okawaru
  6766 | D:5      | Reached XP level 9. HP: 78/78 MP: 8/8
  7060 | D:6      | Found an ornate altar of the Wu Jian Council.
  7325 | D:6      | Got the Tome of Freezing Hexes
  7375 | D:6      | Reached skill level 1 in Stealth
  7678 | D:7      | Reached *** piety under Okawaru
  7881 | D:7      | Reached skill level 10 in Long Blades
  8039 | D:7      | Found an opulent altar of Gozag.
  8142 | D:7      | Received a gift from Okawaru
  9115 | D:8      | Reached XP level 10. HP: 66/88 MP: 9/9
  9277 | D:8      | Noticed a two-headed ogre
  9303 | D:8      | Killed a two-headed ogre
  9373 | D:8      | Found a staircase to the Lair.
  9380 | D:8      | Reached skill level 10 in Armour
 10229 | D:9      | Found a staircase to the Orcish Mines.
 10244 | D:9      | Reached **** piety under Okawaru
 10264 | D:9      | Reached skill level 1 in Evocations
 10546 | D:9      | Reached skill level 5 in Dodging
 10977 | D:9      | Identified the amulet "Cotuv" {Faith Harm Fly Will- Regen+}
 11309 | D:10     | Entered Level 10 of the Dungeon
 11348 | D:10     | Found a bloodstained altar of Trog.
 11674 | D:10     | Noticed a two-headed ogre
 11682 | D:10     | Killed a two-headed ogre
 11682 | D:10     | Received a gift from Okawaru
 11803 | D:10     | Found Ivevah's Magic Scroll Shop.
 11851 | D:10     | Noticed a two-headed ogre
 11858 | D:10     | Killed a two-headed ogre
 11859 | D:10     | Reached XP level 11. HP: 59/95 MP: 7/10
 12295 | D:10     | Found a burning altar of Makhleb.
 12409 | D:10     | Bought a scroll of noise for 12 gold pieces
 12409 | D:10     | Bought a scroll of blinking for 90 gold pieces
 12409 | D:10     | Bought a scroll of enchant armour for 90 gold pieces
 12409 | D:10     | Bought a scroll of fog for 24 gold pieces
 12613 | D:11     | Reached ***** piety under Okawaru
 12614 | D:11     | Reached skill level 1 in Invocations
 13236 | D:11     | Noticed an orc knight
 13282 | D:11     | Noticed a tengu warrior
 13290 | D:11     | Killed a tengu warrior
 13293 | D:11     | Noticed a white ugly thing
 13303 | D:11     | Killed an orc knight
 13666 | D:11     | Received a gift from Okawaru
 13893 | D:11     | Noticed an ogre mage
 13901 | D:11     | Noticed a stone giant
 13906 | D:11     | Killed an ogre mage
 13907 | D:11     | Reached skill level 10 in Fighting
 13915 | D:11     | Slain by a hornet

Illustrated notes

Levels and vault maps discovered:
D:1:      sevenhm_arrival_forest_fort_large_2, layout_loops_corners,
          chequers_ecumenical_altar_island
D:2:      layout_basic
D:3:      layout_basic, mainiacjoe_overflow_brackets,
          nicolae_hepliaklqana_hazy_memory, ebering_ghost_disaster_area,
          hangedman_feature_mirror, chequers_serial_rivers_large_a,
          uniq_natasha, uniq_terence, uniq_sigmund
D:4:      layout_basic, mainiacjoe_overflow_cross_hatched,
          minmay_temple_entry_stoned_glass, minmay_misc_feat_hallway
D:5:      nicolae_cairo_tiling_very_big, layout_cave_pods,
          mainiacjoe_overflow_alcove_2, serial_glass, glass_columns_b,
          glass_columns_a, glass_columns_a, glass_columns_c, glass_columns_a,
          glass_columns_c, grunt_ministairs_10
D:6:      nicolae_BIG_FREAKIN_CUBE, layout_rooms,
          mainiacjoe_overflow_concentric_impassable
D:7:      layout_layer_cave, mainiacjoe_overflow_boulevard
D:8:      layout_layer_cave, david_lair_generic
D:9:      layout_loops_corners, david_orc_5
D:10:     layout_basic, demons_altar, trog_ov_bears_minmay, serial_shops,
          nicolae_diamond_shop
D:11:     minmay_complete_graph, layout_loops_corners
Temple:   eino_temple_lava

Skill      XL: |  1  2  3  4  5  6  7  8  9 10 11 |
---------------+----------------------------------+-----
Fighting       | 4 5 6 7 8 10 | 10.0
Shields        | 4 5 6 7 |  7.7
Armour         | 4 5 6 8 9 11 13 | 13.0
Long Blades    | 4 5 6 7 8 10 12 13 | 13.6
Dodging        | 1 2 3 4 5 |  5.1
Stealth        | 1 |  1.5
Evocations     | 1 |  1.2
Invocations    | 1 |  1.6

Action                   |  1- 3 |  4- 6 |  7- 9 | 10-12 || total
-------------------------+-------+-------+-------+-------++-------
Melee: Long sword        |    87 |    62 |    78 |       ||   227
       Headbutt          |    10 |    12 |    43 |    62 ||   127
       Falchion          |       |       |   120 |   289 ||   409
Invok: Heroism           |       |       |     2 |    11 ||    13
Evoke: Wand              |       |       |       |     4 ||     4
  Use: Scroll            |       |       |     4 |     6 ||    10
       Potion            |       |       |     4 |     2 ||     6
Armor: Scale mail        |    42 |    27 |    86 |       ||   155
       Plate armour      |       |       |       |   141 ||   141
Dodge: Dodged            |    32 |    35 |   121 |   100 ||   288
Block: Buckler           |    27 |    22 |    73 |    46 ||   168

Table legend: (Time is in decaauts)
 A = Elapsed time spent in this place.
 B = Non-inter-level travel time spent in this place.
 C = Inter-level travel time spent in this place.
 D = Time resting spent in this place.
 E = Time spent auto-exploring this place.
 F = Levels seen in this place.
 G = Mean time per level.
                   A        B        C        D        E       F      G
               +--------+--------+--------+--------+--------+-----+--------+
         Total |  13911 |  13606 |    305 |   1369 |  10315 |  12 | 1159.2 |
       Dungeon |  13894 |  13589 |    305 |   1369 |  10315 |  11 | 1263.1 |
        Temple |     16 |     16 |      0 |      0 |      0 |   1 |   16.0 |
               +--------+--------+--------+--------+--------+-----+--------+

Top non-repeatable levels by time:
     D:5: 1905 daAuts
     D:3: 1389 daAuts
     D:7: 1376 daAuts
    D:11: 1352 daAuts
     D:8: 1292 daAuts
     D:2: 1200 daAuts
    D:10: 1191 daAuts
     D:4: 1158 daAuts
     D:9: 1125 daAuts
     D:1: 1073 daAuts
     D:6: 827 daAuts
  Temple: 16 daAuts
